NEW JERSEY vs ANAHEIM

Created - Sunday, April 29, 2018 at 18:12

Goals
1 2 3 T
NEW JERSEY 1 1 0 2
ANAHEIM 2 0 1 3
Shots
1 2 3 T
NEW JERSEY 14 10 9 33
ANAHEIM 5 8 8 21

1st period

1. ANAHEIM , Nail Yakupov 3 (Lee Stempniak 18, Michael Frolik 27) at 0:36
2. ANAHEIM , Michael Frolik 22 (Nail Yakupov 2) at 15:33
3. NEW JERSEY , Anders Lee 20 (Patric Hornqvist 16, Ryan Nugent-Hopkins 27) at 19:30

Penalties :
Lee Stempniak (ANA) for Hooking (Minor) at 8:53, Mike Green (ANA) for Hooking (Minor) at 16:15

2nd period

4. NEW JERSEY , Jake Muzzin 20 (Dougie Hamilton 40, Ryan Kesler 50) at 5:33 (PP)

Penalties :
Karl Alzner (ANA) for Interference (Minor) at 0:52, Anton Stralman (ANA) for Hooking (Minor) at 5:05, Jake Muzzin (NJ ) for Goalie Interference (Minor) at 7:58, Braydon Coburn (ANA) for Hooking (Minor) at 12:46

3rd period

5. ANAHEIM , Ben Lovejoy 12 (Evgeny Kuznetsov 51, Mike Green 33) at 16:23 (PP)

Penalties :
Connor McDavid (ANA) for Hooking (Minor) at 0:14, Mike Green (ANA) for Hooking (Minor) at 3:45, Andrew Shaw (ANA) for Delaying the game (Minor) at 7:25, Mark Streit (NJ ) for Hooking (Minor) at 12:00, Patric Hornqvist (NJ ) for Hooking (Minor) at 15:16

Goalie Stats

Matt Murray (NJ ), 18 saves from 21 shots - (0.857), L, 38-22-7, 59:46 minutes
Cam Talbot (ANA), 31 saves from 33 shots - (0.939), W, 39-18-9, 60:00 minutes

Players Stats for NEW JERSEY

Player Name              G  A  P  +/- PIM S  H  SB GA TA FO     MP     PP MP  PK MP  
------------------------------------------------------------------------------------
Anders Lee               1  0  1   0  0   2  0  0  0  0  0/0    12:22   0:00   0:00 
Andrew Copp              0  0  0  -1  0   0  2  0  0  0  1/3     7:03   0:00   0:36 
Anthony Duclair          0  0  0  -1  0   0  0  0  0  0  0/0     7:09   0:00   0:42 
Colin Miller             0  0  0   0  0   0  1  0  0  0  0/0     5:45   0:00   1:15 
Dion Phaneuf             0  0  0   0  0   2  3  1  0  0  0/0    23:05   6:53   2:20 
Dmitry Orlov             0  0  0  -1  0   1  2  1  0  0  0/0    19:33   6:53   2:50 
Dougie Hamilton          0  1  1   0  0   4  2  1  0  0  0/0    23:13   7:06   2:15 
Evander Kane             0  0  0   0  0   3  3  0  0  0  0/0    17:20   8:01   0:00 
Jake Guentzel            0  0  0   0  0   3  2  0  0  0  7/10   15:39   6:20   0:00 
Jake Muzzin              1  0  1  -1  2   3  0  1  0  0  0/0    18:41   7:22   1:30 
Jeff Petry               0  0  0   0  0   0  6  0  0  0  0/0    12:50   0:28   0:00 
Mark Streit              0  0  0   0  2   1  1  0  0  0  0/0    12:21   0:00   0:00 
Michael Grabner          0  0  0   0  0   0  0  0  0  0  0/0    13:30   0:00   1:04 
Mikael Granlund          0  0  0   0  0   4  0  1  0  0  0/0    23:46   8:01   3:19 
Patric Hornqvist         0  1  1   0  2   3  3  0  0  0  1/2    18:41   6:20   0:00 
Patrick Sharp            0  0  0   0  0   0  0  0  0  0  0/0     9:19   0:00   0:00 
Patrick Wiercioch        0  0  0   0  0   0  0  1  0  0  0/0     4:30   0:00   0:00 
Ryan Kesler              0  1  1   0  0   2  2  1  0  0  14/32  24:18   8:01   3:25 
Ryan Nugent-Hopkins      0  1  1   0  0   3  0  0  0  0  17/23  19:20   6:20   1:04 
Tom Kuhnhackl            0  0  0  -1  0   2  0  0  0  0  0/1     6:27   0:00   0:00 

Players Stats for ANAHEIM

Player Name              G  A  P  +/- PIM S  H  SB GA TA FO     MP     PP MP  PK MP  
------------------------------------------------------------------------------------
Andrew Shaw              0  0  0   0  2   0  1  0  0  0  2/4     4:13   0:00   0:00 
Anton Stralman           0  0  0  -1  2   0  4  3  0  0  0/0    24:47   1:34   8:00 
Ben Lovejoy              1  0  1   0  0   1  0  1  0  0  0/0    23:14   2:36   8:08 
Benoit Pouliot           0  0  0   0  0   1  0  0  0  0  0/0     5:18   0:55   0:09 
Braydon Coburn           0  0  0   2  2   0  2  2  0  0  0/0    15:07   0:55   1:33 
Connor McDavid           0  0  0  -1  2   3  1  1  0  0  15/30  22:54   1:40   8:12 
Conor Sheary             0  0  0  -1  0   4  3  1  0  0  2/3    22:30   1:40   8:23 
David Perron             0  0  0   0  0   0  1  0  0  0  1/3    14:59   0:55   2:14 
Evgeny Kuznetsov         0  1  1   0  0   1  1  0  0  0  6/16   19:21   2:30   5:01 
Gustav Nyquist           0  0  0   0  0   1  0  0  0  0  0/0     6:44   2:30   0:00 
Jacob Josefson           0  0  0   0  0   0  0  0  0  0  0/1     0:55   0:55   0:00 
Jason Zucker             0  0  0   0  0   0  0  0  0  0  0/1    19:11   2:38   4:43 
Karl Alzner              0  0  0  -1  2   0  4  1  0  0  0/0    21:36   1:34   4:39 
Kris Russell             0  0  0   2  0   0  2  1  0  0  0/0    13:35   0:55   0:00 
Lee Stempniak            0  1  1   2  2   1  1  1  0  0  0/0    12:02   0:00   0:00 
Mark Fayne               0  0  0   0  0   0  0  0  0  0  0/0     0:00   0:00   0:00 
Michael Frolik           1  1  2   2  0   3  1  0  0  0  0/0    12:03   0:00   0:00 
Mike Green               0  1  1   0  4   2  3  2  0  0  0/0    21:36   2:36   6:22 
Nail Yakupov             1  1  2   2  0   3  0  0  0  0  4/10   11:27   0:00   0:00 
Thomas Vanek             0  0  0  -1  0   1  0  0  0  0  1/3    13:59   1:32   0:00 

3 Stars

1 - Michael Frolik (ANA)
2 - Nail Yakupov (ANA)
3 - Cam Talbot (ANA)

Power Play

NEW JERSEY - 1 on 8 Attempt(s) - 12.50%
ANAHEIM - 1 on 3 Attempt(s) - 33.33%

Penalty Kill

NEW JERSEY - 2 on 3 Attempt(s) - 66.67% - Score 0 goal in Penalty Kill
ANAHEIM - 7 on 8 Attempt(s) - 87.50% - Score 0 goal in Penalty Kill

Team Stat

NEW JERSEY - Hits : 27 - Faceoff Wins : 40 - Blocked Shots : 7 - Penalty Minutes : 6
ANAHEIM - Hits : 24 - Faceoff Wins : 31 - Blocked Shots : 13 - Penalty Minutes : 16

Official

Referees : Unknown
Linesman : Unknown

Game Notes

No Game Note

Finance

Level 1 -- Attendance: 6000 (100.00%) -- Ticket Income $534,000
Level 2 -- Attendance: 4606 (92.12%) -- Ticket Income $248,724
Level 3 -- Attendance: 2000 (100.00%) -- Ticket Income $56,000
Level 4 -- Attendance: 3299 (82.48%) -- Ticket Income $69,279
Luxury Box -- Attendance: 714 (71.40%) -- Ticket Income $132,804
Game was played at the Honda Center.
Total Attendance: 16619 (92.33%)
Total Ticket Income: $1,040,807
Total Income: $1,040,807

NEW JERSEY

5 vs 5 Forward 
   Center                   Left Wing                Right Wing               Time % Phy DF OF 
 1 Ryan Kesler              Mikael Granlund          Michael Grabner          40     1   2  2  
 2 Ryan Nugent-Hopkins      Anders Lee               Patric Hornqvist         32     1   2  2  
 3 Jake Guentzel            Evander Kane             Patrick Sharp            23     1   2  2  
 4 Andrew Copp              Anthony Duclair          Tom Kuhnhackl            5      1   2  2  

5 vs 5 Defense 
   Defense                  Defense                                           Time % Phy DF OF 
 1 Dougie Hamilton          Dion Phaneuf                                      40     1   2  2  
 2 Jake Muzzin              Dmitry Orlov                                      32     1   2  2  
 3 Jeff Petry               Mark Streit                                       23     1   2  2  
 4 Colin Miller             Patrick Wiercioch                                 5      1   2  2  

PowerPlay Forward 
   Center                   Left Wing                Right Wing               Time % Phy DF OF 
 1 Ryan Kesler              Evander Kane             Mikael Granlund          60     1   2  2  
 2 Ryan Nugent-Hopkins      Jake Guentzel            Patric Hornqvist         40     1   2  2  

PowerPlay Defense
   Defense                  Defense                                           Time % Phy DF OF 
 1 Dougie Hamilton          Jake Muzzin                                       60     1   2  2  
 2 Dion Phaneuf             Dmitry Orlov                                      40     1   2  2  

Penalty Kill 4 Players Forward 
   Center                   Wing                     Time % Phy DF OF 
 1 Ryan Kesler              Mikael Granlund          60     1   2  2  
 2 Ryan Nugent-Hopkins      Michael Grabner          40     1   2  2  

Penalty Kill 4 Players Defense
   Defense                  Defense                  Time % Phy DF OF 
 1 Dougie Hamilton          Dion Phaneuf             60     1   2  2  
 2 Jake Muzzin              Dmitry Orlov             40     1   2  2  

Penalty Kill - 3 Players Forward 
   Forward                                           Time % Phy DF OF 
 1 Ryan Kesler                                       60     1   2  2  
 2 Mikael Granlund                                   40     1   2  2  

Penalty Kill - 3 Players Defense
   Defense                  Defense                  Time % Phy DF OF 
 1 Dougie Hamilton          Dion Phaneuf             60     1   2  2  
 2 Jake Muzzin              Dmitry Orlov             40     1   2  2  

4 vs 4 Forward 
   Center                   Wing                     Time % Phy DF OF 
 1 Ryan Kesler              Mikael Granlund          60     1   2  2  
 2 Ryan Nugent-Hopkins      Anders Lee               40     1   2  2  

4 vs 4 Defense
   Defense                  Defense                  Time % Phy DF OF 
 1 Dougie Hamilton          Dion Phaneuf             60     1   2  2  
 2 Jake Muzzin              Dmitry Orlov             40     1   2  2  

Last Minutes Offensive
   Center                   Left Wing                Right Wing               Defense                  Defense                  
   Ryan Kesler              Anders Lee               Patric Hornqvist         Dougie Hamilton          Dion Phaneuf             

Last Minutes Defensive
   Center                   Left Wing                Right Wing               Defense                  Defense                  
   Ryan Kesler              Anders Lee               Patric Hornqvist         Dougie Hamilton          Dion Phaneuf             

Goaltenders
Starting : Matt Murray              
Backup : Jonathan Bernier         

Extra Forwards
Normal : Mikael Granlund, Ryan Kesler, Ryan Nugent-Hopkins - PP : Mikael Granlund, Jake Guentzel - PK : Ryan Kesler
Extra Defensemen
Normal : Dougie Hamilton, Jake Muzzin, Mark Streit - PP : Jeff Petry - PK : Dougie Hamilton, Dion Phaneuf
Penalty Shots
Ryan Kesler, Mikael Granlund, Patric Hornqvist, Ryan Nugent-Hopkins, Michael Grabner

Scratches
None

ANAHEIM

5 vs 5 Forward 
   Center                   Left Wing                Right Wing               Time % Phy DF OF 
 1 Connor McDavid           Thomas Vanek             Conor Sheary             35     0   2  3  
 2 Evgeny Kuznetsov         Jason Zucker             David Perron             30     0   2  3  
 3 Nail Yakupov             Michael Frolik           Lee Stempniak            25     1   2  2  
 4 Andrew Shaw              Benoit Pouliot           Gustav Nyquist           10     2   2  1  

5 vs 5 Defense 
   Defense                  Defense                                           Time % Phy DF OF 
 1 Anton Stralman           Karl Alzner                                       35     1   2  2  
 2 Mike Green               Ben Lovejoy                                       30     1   2  2  
 3 Kris Russell             Braydon Coburn                                    25     1   2  2  
 4 Anton Stralman           Karl Alzner                                       10     1   2  2  

PowerPlay Forward 
   Center                   Left Wing                Right Wing               Time % Phy DF OF 
 1 Connor McDavid           Jason Zucker             Conor Sheary             60     1   2  2  
 2 Evgeny Kuznetsov         Thomas Vanek             Gustav Nyquist           40     1   2  2  

PowerPlay Defense
   Defense                  Defense                                           Time % Phy DF OF 
 1 Anton Stralman           Karl Alzner                                       60     1   2  2  
 2 Mike Green               Ben Lovejoy                                       40     1   2  2  

Penalty Kill 4 Players Forward 
   Center                   Wing                     Time % Phy DF OF 
 1 Connor McDavid           Conor Sheary             60     1   2  2  
 2 Evgeny Kuznetsov         Jason Zucker             40     1   2  2  

Penalty Kill 4 Players Defense
   Defense                  Defense                  Time % Phy DF OF 
 1 Anton Stralman           Karl Alzner              60     1   2  2  
 2 Mike Green               Ben Lovejoy              40     1   2  2  

Penalty Kill - 3 Players Forward 
   Forward                                           Time % Phy DF OF 
 1 Connor McDavid                                    60     1   2  2  
 2 Evgeny Kuznetsov                                  40     1   2  2  

Penalty Kill - 3 Players Defense
   Defense                  Defense                  Time % Phy DF OF 
 1 Anton Stralman           Karl Alzner              60     1   2  2  
 2 Mike Green               Ben Lovejoy              40     1   2  2  

4 vs 4 Forward 
   Center                   Wing                     Time % Phy DF OF 
 1 Connor McDavid           Evgeny Kuznetsov         60     1   2  2  
 2 Conor Sheary             Jason Zucker             40     1   2  2  

4 vs 4 Defense
   Defense                  Defense                  Time % Phy DF OF 
 1 Anton Stralman           Karl Alzner              60     1   2  2  
 2 Mike Green               Ben Lovejoy              40     1   2  2  

Last Minutes Offensive
   Center                   Left Wing                Right Wing               Defense                  Defense                  
   Connor McDavid           Jason Zucker             Conor Sheary             Anton Stralman           Karl Alzner              

Last Minutes Defensive
   Center                   Left Wing                Right Wing               Defense                  Defense                  
   Connor McDavid           Michael Frolik           Lee Stempniak            Anton Stralman           Karl Alzner              

Goaltenders
Starting : Cam Talbot               
Backup : Peter Budaj              

Extra Forwards
Normal : Connor McDavid, Jason Zucker, David Perron - PP : Connor McDavid, Jason Zucker - PK : David Perron
Extra Defensemen
Normal : Kris Russell, Karl Alzner, Mike Green - PP : Kris Russell - PK : Anton Stralman, Mike Green
Penalty Shots
Connor McDavid, Conor Sheary, Evgeny Kuznetsov, Thomas Vanek, Jason Zucker

Scratches
ANA CAP HIT (Suspend), Erik Gudbranson (Healthy)

% Time on Ice - NEW JERSEY

Lines # - Real PCT - Wanted PCT - Time Play
Normal Forward
1 - 31% - 40% - 12:26
2 - 30% - 32% - 11:56
3 - 23% - 23% - 9:19
4 - 16% - 5% - 6:27
Normal Defense
1 - 33% - 40% - 13:26
2 - 25% - 32% - 9:50
3 - 31% - 23% - 12:22
4 - 11% - 5% - 4:30
PP Forward
1 - 56% - 60% - 8:01
2 - 44% - 40% - 6:20
PP Defense
1 - 52% - 60% - 7:28
2 - 48% - 40% - 6:53
PK Forward
1 - 79% - 60% - 4:01
2 - 21% - 40% - 1:04
PK Defense
1 - 44% - 60% - 2:15
2 - 56% - 40% - 2:50
PK3 Forward
1 - 0% - 60%
2 - 0% - 40%
PK3 Defense
1 - 0% - 60%
2 - 0% - 40%
44 Forward
1 - 0% - 60%
2 - 0% - 40%
44 Defense
1 - 0% - 60%
2 - 0% - 40%
Last Minute Offensive  - 0:26
Last Minute Defensive  - 0:00
Total
Forward - 60:00
Defense - 60:00

% Time on Ice - ANAHEIM

Lines # - Real PCT - Wanted PCT - Time Play
Normal Forward
1 - 31% - 35% - 12:27
2 - 30% - 30% - 11:50
3 - 29% - 25% - 11:27
4 - 11% - 10% - 4:14
Normal Defense
1 - 36% - 35% - 14:12
2 - 32% - 30% - 12:40
3 - 30% - 25% - 12:04
4 - 3% - 10% - 1:02
PP Forward
1 - 33% - 60% - 1:40
2 - 67% - 40% - 3:25
PP Defense
1 - 31% - 60% - 1:34
2 - 69% - 40% - 3:31
PK Forward
1 - 67% - 60% - 9:38
2 - 33% - 40% - 4:43
PK Defense
1 - 40% - 60% - 5:48
2 - 60% - 40% - 8:33
PK3 Forward
1 - 0% - 60%
2 - 0% - 40%
PK3 Defense
1 - 0% - 60%
2 - 0% - 40%
44 Forward
1 - 0% - 60%
2 - 0% - 40%
44 Defense
1 - 0% - 60%
2 - 0% - 40%
Last Minute Offensive  - 0:00
Last Minute Defensive  - 0:36
Total
Forward - 60:00
Defense - 60:00

Play-by-Play

1st period


0:01 of 1st period - Ryan Kesler wins face-off versus Conor Sheary in neutral zone.
0:14 of 1st period - Shot by Conor Sheary.
0:14 of 1st period - Stopped by Matt Murray without a rebound.
0:15 of 1st period - Ryan Nugent-Hopkins wins face-off versus Evgeny Kuznetsov in NEW JERSEY zone.
0:17 of 1st period - Icing by Jake Muzzin.
0:18 of 1st period - Ryan Nugent-Hopkins wins face-off versus Nail Yakupov in NEW JERSEY zone.
0:36 of 1st period - Shot by Nail Yakupov.
0:36 of 1st period - Goal by Nail Yakupov - NEW JERSEY : 0 - ANAHEIM : 1.
0:37 of 1st period - Evgeny Kuznetsov wins face-off versus Jake Guentzel in neutral zone.
0:52 of 1st period - Shot by Patrick Sharp.
0:52 of 1st period - Shot Misses the Net.
0:54 of 1st period - Shot by Evander Kane.
0:54 of 1st period - Stopped by Cam Talbot without a rebound.
0:55 of 1st period - Andrew Shaw wins face-off versus Ryan Kesler in ANAHEIM zone.
0:59 of 1st period - Andrew Shaw is hit by Dion Phaneuf and loses puck.
1:07 of 1st period - Off-side.
1:08 of 1st period - Connor McDavid wins face-off versus Andrew Copp in neutral zone.
1:39 of 1st period - Shot by Conor Sheary.
1:39 of 1st period - Stopped by Matt Murray with a rebound.
1:41 of 1st period - Shot by Ben Lovejoy.
1:41 of 1st period - Shot Blocked by Patrick Wiercioch.
2:18 of 1st period - Karl Alzner is hit by Ryan Kesler and loses puck.
2:49 of 1st period - Jason Zucker is hit by Patric Hornqvist and loses puck.
3:22 of 1st period - Shot by Patric Hornqvist.
3:22 of 1st period - Stopped by Cam Talbot without a rebound.
3:23 of 1st period - Jake Guentzel wins face-off versus Andrew Shaw in ANAHEIM zone.
3:53 of 1st period - Kris Russell is hit by Evander Kane.
4:35 of 1st period - Shot by Mikael Granlund.
4:35 of 1st period - Shot Misses the Net.
4:40 of 1st period - Off-side.
4:41 of 1st period - Connor McDavid wins face-off versus Ryan Nugent-Hopkins in neutral zone.
4:41 of 1st period - Connor McDavid is hit by Patric Hornqvist.
5:05 of 1st period - Shot by Patric Hornqvist.
5:05 of 1st period - Stopped by Cam Talbot with a rebound.
6:39 of 1st period - Ryan Kesler is hit by Braydon Coburn and loses puck.
7:04 of 1st period - Braydon Coburn is hit by Dougie Hamilton and loses puck.
8:06 of 1st period - Connor McDavid is hit by Jeff Petry and loses puck.
8:38 of 1st period - Icing by Tom Kuhnhackl.
8:39 of 1st period - Andrew Copp wins face-off versus Nail Yakupov in NEW JERSEY zone.
8:53 of 1st period - Minor Penalty to Lee Stempniak for Hooking.
8:54 of 1st period - Connor McDavid wins face-off versus Ryan Kesler in ANAHEIM zone.
9:09 of 1st period - Shot by Dougie Hamilton.
9:09 of 1st period - Shot Blocked by Mike Green.
9:43 of 1st period - Shot by Dmitry Orlov.
9:43 of 1st period - Shot Misses the Net.
9:45 of 1st period - Shot by Dion Phaneuf.
9:45 of 1st period - Shot Blocked by Connor McDavid.
10:33 of 1st period - Mikael Granlund is hit by Karl Alzner and loses puck.
10:46 of 1st period - Shot by Dougie Hamilton.
10:46 of 1st period - Stopped by Cam Talbot without a rebound.
10:47 of 1st period - Ryan Kesler wins face-off versus Evgeny Kuznetsov in ANAHEIM zone.
10:50 of 1st period - Shot by Mikael Granlund.
10:50 of 1st period - Shot Misses the Net.
11:26 of 1st period - Braydon Coburn is hit by Andrew Copp and loses puck.
12:21 of 1st period - Michael Grabner is hit by Mike Green and loses puck.
14:16 of 1st period - Patrick Sharp is hit by Karl Alzner and loses puck.
14:32 of 1st period - Karl Alzner is hit by Dmitry Orlov and loses puck.
14:38 of 1st period - Evander Kane is hit by Karl Alzner and loses puck.
14:50 of 1st period - Ryan Kesler is hit by Anton Stralman and loses puck.
15:06 of 1st period - Mikael Granlund is hit by Anton Stralman and loses puck.
15:11 of 1st period - Shot by Ryan Kesler.
15:11 of 1st period - Shot Blocked by Anton Stralman.
15:13 of 1st period - Shot by Mikael Granlund.
15:13 of 1st period - Stopped by Cam Talbot with a rebound.
15:15 of 1st period - Shot by Ryan Kesler.
15:15 of 1st period - Stopped by Cam Talbot without a rebound.
15:16 of 1st period - Ryan Nugent-Hopkins wins face-off versus Connor McDavid in ANAHEIM zone.
15:29 of 1st period - Shot by Connor McDavid.
15:29 of 1st period - Stopped by Matt Murray without a rebound.
15:30 of 1st period - Nail Yakupov wins face-off versus Tom Kuhnhackl in NEW JERSEY zone.
15:33 of 1st period - Shot by Michael Frolik.
15:33 of 1st period - Goal by Michael Frolik - NEW JERSEY : 0 - ANAHEIM : 2.
15:34 of 1st period - Connor McDavid wins face-off versus Ryan Kesler in neutral zone.
16:08 of 1st period - Shot by Mikael Granlund.
16:08 of 1st period - Stopped by Cam Talbot without a rebound.
16:09 of 1st period - Patric Hornqvist wins face-off versus Nail Yakupov in ANAHEIM zone.
16:14 of 1st period - Shot by Ryan Nugent-Hopkins.
16:14 of 1st period - Shot Hit the Post.
16:15 of 1st period - Minor Penalty to Mike Green for Hooking.
16:16 of 1st period - Ryan Nugent-Hopkins wins face-off versus Connor McDavid in ANAHEIM zone.
16:27 of 1st period - Shot by Dougie Hamilton.
16:27 of 1st period - Stopped by Cam Talbot without a rebound.
16:28 of 1st period - Connor McDavid wins face-off versus Ryan Kesler in ANAHEIM zone.
16:51 of 1st period - Shot by Connor McDavid.
16:51 of 1st period - Shot Blocked by Dion Phaneuf.
17:05 of 1st period - Shot by Dion Phaneuf.
17:05 of 1st period - Stopped by Cam Talbot without a rebound.
17:06 of 1st period - Ryan Nugent-Hopkins wins face-off versus Evgeny Kuznetsov in ANAHEIM zone.
17:09 of 1st period - Shot by Jake Muzzin.
17:09 of 1st period - Stopped by Cam Talbot without a rebound.
17:10 of 1st period - Connor McDavid wins face-off versus Ryan Nugent-Hopkins in ANAHEIM zone.
17:37 of 1st period - Shot by Jake Guentzel.
17:37 of 1st period - Shot Misses the Net.
17:39 of 1st period - Shot by Dougie Hamilton.
17:39 of 1st period - Stopped by Cam Talbot with a rebound.
17:41 of 1st period - Shot by Dougie Hamilton.
17:41 of 1st period - Stopped by Cam Talbot without a rebound.
17:42 of 1st period - Ryan Kesler wins face-off versus Connor McDavid in ANAHEIM zone.
18:20 of 1st period - Shot by Anthony Duclair.
18:20 of 1st period - Shot Blocked by Lee Stempniak.
18:22 of 1st period - Shot by Tom Kuhnhackl.
18:22 of 1st period - Shot Blocked by Kris Russell.
18:24 of 1st period - Shot by Jeff Petry.
18:24 of 1st period - Shot Misses the Net.
18:35 of 1st period - Tom Kuhnhackl is hit by Kris Russell.
18:45 of 1st period - Shot by Tom Kuhnhackl.
18:45 of 1st period - Stopped by Cam Talbot without a rebound.
18:46 of 1st period - Ryan Nugent-Hopkins wins face-off versus Evgeny Kuznetsov in ANAHEIM zone.
18:57 of 1st period - Icing by Dion Phaneuf.
18:58 of 1st period - Ryan Nugent-Hopkins wins face-off versus Andrew Shaw in NEW JERSEY zone.
19:02 of 1st period - Icing by Ryan Nugent-Hopkins.
19:03 of 1st period - Ryan Nugent-Hopkins wins face-off versus Connor McDavid in NEW JERSEY zone.
19:07 of 1st period - Icing by Dougie Hamilton.
19:08 of 1st period - Connor McDavid wins face-off versus Ryan Nugent-Hopkins in NEW JERSEY zone.
19:12 of 1st period - Icing by Patric Hornqvist.
19:13 of 1st period - Ryan Nugent-Hopkins wins face-off versus Connor McDavid in NEW JERSEY zone.
19:30 of 1st period - Shot by Patric Hornqvist.
19:30 of 1st period - Deflect By Anders Lee.
19:30 of 1st period - Goal by Anders Lee - NEW JERSEY : 1 - ANAHEIM : 2.
19:31 of 1st period - Ryan Kesler wins face-off versus Evgeny Kuznetsov in neutral zone.
19:55 of 1st period - Shot by Evgeny Kuznetsov.
19:55 of 1st period - Shot Misses the Net.
Goals for this period are 1 for NEW JERSEY vs 2 for ANAHEIM.
Shots for this period are 14 for NEW JERSEY vs 5 for ANAHEIM.

2nd period


0:01 of 2nd period - Connor McDavid wins face-off versus Ryan Kesler in neutral zone.
0:06 of 2nd period - Shot by Connor McDavid.
0:06 of 2nd period - Stopped by Matt Murray without a rebound.
0:07 of 2nd period - Ryan Kesler wins face-off versus Connor McDavid in NEW JERSEY zone.
0:07 of 2nd period - Mikael Granlund is hit by Conor Sheary and loses puck.
0:15 of 2nd period - Off-side.
0:16 of 2nd period - Ryan Kesler wins face-off versus Connor McDavid in neutral zone.
0:22 of 2nd period - Mikael Granlund is hit by Anton Stralman and loses puck.
0:37 of 2nd period - Shot by Mikael Granlund.
0:37 of 2nd period - Stopped by Cam Talbot with a rebound.
0:45 of 2nd period - Shot by Ryan Kesler.
0:45 of 2nd period - Shot Misses the Net.
0:52 of 2nd period - Minor Penalty to Karl Alzner for Interference.
0:53 of 2nd period - Ryan Nugent-Hopkins wins face-off versus Connor McDavid in ANAHEIM zone.
0:54 of 2nd period - Shot by Dougie Hamilton.
0:54 of 2nd period - Shot Blocked by Ben Lovejoy.
1:16 of 2nd period - Shot by Jake Muzzin.
1:16 of 2nd period - Stopped by Cam Talbot without a rebound.
1:17 of 2nd period - Ryan Kesler wins face-off versus Connor McDavid in ANAHEIM zone.
1:32 of 2nd period - Shot by Evgeny Kuznetsov.
1:32 of 2nd period - Stopped by Matt Murray with a rebound.
1:42 of 2nd period - Shot by Dmitry Orlov.
1:42 of 2nd period - Shot Blocked by Braydon Coburn.
1:54 of 2nd period - Shot by Dmitry Orlov.
1:54 of 2nd period - Stopped by Cam Talbot without a rebound.
1:55 of 2nd period - Jake Guentzel wins face-off versus Evgeny Kuznetsov in ANAHEIM zone.
2:04 of 2nd period - Shot by Jake Guentzel.
2:04 of 2nd period - Deflect By Ryan Nugent-Hopkins.
2:04 of 2nd period - Stopped by Cam Talbot without a rebound.
2:05 of 2nd period - Ryan Nugent-Hopkins wins face-off versus Connor McDavid in ANAHEIM zone.
2:16 of 2nd period - Shot by Ryan Nugent-Hopkins.
2:16 of 2nd period - Shot Misses the Net.
2:18 of 2nd period - Shot by Jake Muzzin.
2:18 of 2nd period - Shot Misses the Net.
2:20 of 2nd period - Shot by Jake Guentzel.
2:20 of 2nd period - Stopped by Cam Talbot without a rebound.
2:21 of 2nd period - Connor McDavid wins face-off versus Ryan Kesler in ANAHEIM zone.
2:29 of 2nd period - Mikael Granlund is hit by Mike Green and loses puck.
2:51 of 2nd period - Shot by Ryan Kesler.
2:51 of 2nd period - Stopped by Cam Talbot without a rebound.
2:52 of 2nd period - Ryan Nugent-Hopkins wins face-off versus Nail Yakupov in ANAHEIM zone.
3:08 of 2nd period - Braydon Coburn is hit by Jeff Petry and loses puck.
3:14 of 2nd period - Anders Lee is hit by Lee Stempniak and loses puck.
3:28 of 2nd period - Michael Frolik is hit by Mark Streit and loses puck.
3:44 of 2nd period - Anders Lee is hit by Conor Sheary and loses puck.
4:03 of 2nd period - Shot by Connor McDavid.
4:03 of 2nd period - Shot Misses the Net.
4:05 of 2nd period - Shot by Connor McDavid.
4:05 of 2nd period - Deflect By Conor Sheary.
4:05 of 2nd period - Shot Misses the Net.
4:18 of 2nd period - Shot by Conor Sheary.
4:18 of 2nd period - Shot Misses the Net.
4:20 of 2nd period - Shot by Conor Sheary.
4:20 of 2nd period - Stopped by Matt Murray without a rebound.
4:21 of 2nd period - Jake Guentzel wins face-off versus David Perron in NEW JERSEY zone.
4:55 of 2nd period - Evander Kane is hit by Anton Stralman and loses puck.
4:58 of 2nd period - Shot by Evander Kane.
4:58 of 2nd period - Shot Blocked by Anton Stralman.
5:00 of 2nd period - Shot by Patrick Sharp.
5:00 of 2nd period - Shot Misses the Net.
5:05 of 2nd period - Minor Penalty to Anton Stralman for Hooking.
5:06 of 2nd period - Conor Sheary wins face-off versus Ryan Kesler in ANAHEIM zone.
5:19 of 2nd period - Shot by Ryan Kesler.
5:19 of 2nd period - Shot Misses the Net.
5:31 of 2nd period - Shot by Dougie Hamilton.
5:31 of 2nd period - Shot Misses the Net.
5:33 of 2nd period - Shot by Jake Muzzin.
5:33 of 2nd period - Goal by Jake Muzzin - NEW JERSEY : 2 - ANAHEIM : 2.
5:34 of 2nd period - Ryan Nugent-Hopkins wins face-off versus Nail Yakupov in neutral zone.
5:55 of 2nd period - Shot by Nail Yakupov.
5:55 of 2nd period - Stopped by Matt Murray with a rebound.
6:03 of 2nd period - Shot by Michael Frolik.
6:03 of 2nd period - Shot Misses the Net.
6:10 of 2nd period - Michael Frolik is hit by Jeff Petry and loses puck.
6:37 of 2nd period - Shot by Connor McDavid.
6:37 of 2nd period - Shot Blocked by Mikael Granlund.
6:43 of 2nd period - Shot by Conor Sheary.
6:43 of 2nd period - Stopped by Matt Murray without a rebound.
6:44 of 2nd period - Ryan Kesler wins face-off versus Evgeny Kuznetsov in NEW JERSEY zone.
7:58 of 2nd period - Minor Penalty to Jake Muzzin for Goalie Interference.
7:59 of 2nd period - Evgeny Kuznetsov wins face-off versus Ryan Kesler in NEW JERSEY zone.
8:56 of 2nd period - Shot by Connor McDavid.
8:56 of 2nd period - Stopped by Matt Murray without a rebound.
8:57 of 2nd period - Ryan Kesler wins face-off versus Connor McDavid in NEW JERSEY zone.
10:02 of 2nd period - Jake Guentzel is hit by Braydon Coburn and loses puck.
10:35 of 2nd period - Braydon Coburn is hit by Evander Kane and loses puck.
10:41 of 2nd period - Evander Kane is hit by Kris Russell and loses puck.
11:03 of 2nd period - Ryan Nugent-Hopkins is hit by Andrew Shaw and loses puck.
11:49 of 2nd period - Conor Sheary is hit by Dion Phaneuf and loses puck.
11:59 of 2nd period - Off-side.
12:00 of 2nd period - Ryan Kesler wins face-off versus Evgeny Kuznetsov in neutral zone.
12:41 of 2nd period - Icing by Patrick Wiercioch.
12:42 of 2nd period - Ryan Kesler wins face-off versus Connor McDavid in NEW JERSEY zone.
12:46 of 2nd period - Minor Penalty to Braydon Coburn for Hooking.
12:47 of 2nd period - Connor McDavid wins face-off versus Patric Hornqvist in ANAHEIM zone.
13:16 of 2nd period - Shot by Connor McDavid.
13:16 of 2nd period - Shot Misses the Net.
14:20 of 2nd period - Shot by Evander Kane.
14:20 of 2nd period - Shot Hit the Post.
14:22 of 2nd period - Shot by Dion Phaneuf.
14:22 of 2nd period - Shot Misses the Net.
14:39 of 2nd period - Jake Guentzel is hit by Connor McDavid and loses puck.
14:50 of 2nd period - Shot by Jeff Petry.
14:50 of 2nd period - Shot Misses the Net.
15:03 of 2nd period - Lee Stempniak is hit by Jeff Petry and loses puck.
15:19 of 2nd period - Nail Yakupov is hit by Jeff Petry and loses puck.
15:22 of 2nd period - Shot by Nail Yakupov.
15:22 of 2nd period - Stopped by Matt Murray with a rebound.
15:24 of 2nd period - Shot by Michael Frolik.
15:24 of 2nd period - Stopped by Matt Murray without a rebound.
15:25 of 2nd period - Evgeny Kuznetsov wins face-off versus Ryan Kesler in NEW JERSEY zone.
15:25 of 2nd period - Jason Zucker is hit by Colin Miller and loses puck.
16:27 of 2nd period - Shot by Patric Hornqvist.
16:27 of 2nd period - Stopped by Cam Talbot without a rebound.
16:28 of 2nd period - Jake Guentzel wins face-off versus Thomas Vanek in ANAHEIM zone.
16:37 of 2nd period - Shot by Evander Kane.
16:37 of 2nd period - Shot Blocked by Braydon Coburn.
17:03 of 2nd period - Shot by Jake Guentzel.
17:03 of 2nd period - Stopped by Cam Talbot without a rebound.
17:04 of 2nd period - Ryan Nugent-Hopkins wins face-off versus Nail Yakupov in ANAHEIM zone.
17:09 of 2nd period - Shot by Ryan Nugent-Hopkins.
17:09 of 2nd period - Shot Misses the Net.
17:38 of 2nd period - Icing by Ben Lovejoy.
17:39 of 2nd period - Nail Yakupov wins face-off versus Ryan Kesler in ANAHEIM zone.
17:39 of 2nd period - Nail Yakupov is hit by Ryan Kesler.
18:07 of 2nd period - Shot by Ryan Kesler.
18:07 of 2nd period - Deflect By Mikael Granlund.
18:07 of 2nd period - Stopped by Cam Talbot with a rebound.
18:24 of 2nd period - Michael Grabner is hit by Mike Green and loses puck.
18:39 of 2nd period - Dougie Hamilton is hit by Michael Frolik.
18:40 of 2nd period - Icing by Dougie Hamilton.
18:41 of 2nd period - Jake Guentzel wins face-off versus Thomas Vanek in NEW JERSEY zone.
18:41 of 2nd period - Jake Guentzel is hit by Conor Sheary.
18:56 of 2nd period - Evander Kane is hit by Karl Alzner and loses puck.
19:15 of 2nd period - Shot by Jake Guentzel.
19:15 of 2nd period - Shot Misses the Net.
19:17 of 2nd period - Shot by Evander Kane.
19:17 of 2nd period - Shot Blocked by Karl Alzner.
19:19 of 2nd period - Shot by Patrick Sharp.
19:19 of 2nd period - Shot Misses the Net.
Goals for this period are 1 for NEW JERSEY vs 0 for ANAHEIM.
Shots for this period are 10 for NEW JERSEY vs 8 for ANAHEIM.

3rd period


0:01 of 3rd period - Connor McDavid wins face-off versus Ryan Kesler in neutral zone.
0:14 of 3rd period - Minor Penalty to Connor McDavid for Hooking.
0:15 of 3rd period - David Perron wins face-off versus Ryan Nugent-Hopkins in ANAHEIM zone.
0:15 of 3rd period - David Perron is hit by Jake Guentzel.
1:11 of 3rd period - Shot by Dion Phaneuf.
1:11 of 3rd period - Shot Hit the Post.
1:15 of 3rd period - Shot by Evander Kane.
1:15 of 3rd period - Shot Misses the Net.
1:17 of 3rd period - Shot by Ryan Kesler.
1:17 of 3rd period - Shot Hit the Post.
1:19 of 3rd period - Shot by Dion Phaneuf.
1:19 of 3rd period - Stopped by Cam Talbot without a rebound.
1:20 of 3rd period - Ryan Kesler wins face-off versus David Perron in ANAHEIM zone.
2:09 of 3rd period - Ben Lovejoy is hit by Patric Hornqvist and loses puck.
2:14 of 3rd period - Shot by Ryan Nugent-Hopkins.
2:14 of 3rd period - Shot Misses the Net.
2:24 of 3rd period - Shot by Anthony Duclair.
2:24 of 3rd period - Deflect By Tom Kuhnhackl.
2:24 of 3rd period - Stopped by Cam Talbot with a rebound.
2:26 of 3rd period - Shot by Tom Kuhnhackl.
2:26 of 3rd period - Shot Misses the Net.
2:42 of 3rd period - Shot by Mark Streit.
2:42 of 3rd period - Stopped by Cam Talbot with a rebound.
3:23 of 3rd period - Shot by Gustav Nyquist.
3:23 of 3rd period - Stopped by Matt Murray without a rebound.
3:24 of 3rd period - Evgeny Kuznetsov wins face-off versus Ryan Kesler in NEW JERSEY zone.
3:30 of 3rd period - Jason Zucker is hit by Dion Phaneuf and loses puck.
3:36 of 3rd period - Mikael Granlund is hit by David Perron.
3:45 of 3rd period - Minor Penalty to Mike Green for Hooking.
3:46 of 3rd period - Ryan Nugent-Hopkins wins face-off versus Connor McDavid in ANAHEIM zone.
4:22 of 3rd period - Dougie Hamilton is hit by Evgeny Kuznetsov and loses puck.
4:43 of 3rd period - Shot by Evander Kane.
4:43 of 3rd period - Stopped by Cam Talbot without a rebound.
4:44 of 3rd period - Connor McDavid wins face-off versus Ryan Kesler in ANAHEIM zone.
5:02 of 3rd period - Shot by Ryan Kesler.
5:02 of 3rd period - Deflect By Mikael Granlund.
5:02 of 3rd period - Shot Blocked by Anton Stralman.
5:48 of 3rd period - Kris Russell is hit by Andrew Copp and loses puck.
6:08 of 3rd period - Shot by Kris Russell.
6:08 of 3rd period - Shot Misses the Net.
6:17 of 3rd period - Lee Stempniak is hit by Jeff Petry and loses puck.
6:40 of 3rd period - Shot by Mike Green.
6:40 of 3rd period - Stopped by Matt Murray without a rebound.
6:41 of 3rd period - Ryan Nugent-Hopkins wins face-off versus Evgeny Kuznetsov in NEW JERSEY zone.
7:00 of 3rd period - Shot by Mike Green.
7:00 of 3rd period - Shot Misses the Net.
7:25 of 3rd period - Minor Penalty to Andrew Shaw for Delaying the game.
7:26 of 3rd period - Ryan Kesler wins face-off versus Connor McDavid in ANAHEIM zone.
7:29 of 3rd period - Shot by Jake Muzzin.
7:29 of 3rd period - Shot Blocked by Conor Sheary.
7:31 of 3rd period - Shot by Evander Kane.
7:31 of 3rd period - Stopped by Cam Talbot without a rebound.
7:32 of 3rd period - Connor McDavid wins face-off versus Ryan Kesler in ANAHEIM zone.
8:54 of 3rd period - Shot by Dmitry Orlov.
8:54 of 3rd period - Shot Misses the Net.
9:38 of 3rd period - Off-side.
9:39 of 3rd period - Andrew Shaw wins face-off versus Andrew Copp in neutral zone.
9:46 of 3rd period - Shot by Benoit Pouliot.
9:46 of 3rd period - Stopped by Matt Murray without a rebound.
9:47 of 3rd period - Jake Guentzel wins face-off versus Jason Zucker in NEW JERSEY zone.
10:08 of 3rd period - Shot by Jake Guentzel.
10:08 of 3rd period - Stopped by Cam Talbot without a rebound.
10:09 of 3rd period - Connor McDavid wins face-off versus Ryan Kesler in ANAHEIM zone.
11:09 of 3rd period - Shot by Jake Muzzin.
11:09 of 3rd period - Shot Misses the Net.
11:11 of 3rd period - Shot by Ryan Nugent-Hopkins.
11:11 of 3rd period - Stopped by Cam Talbot with a rebound.
11:15 of 3rd period - Shot by Patric Hornqvist.
11:15 of 3rd period - Shot Misses the Net.
11:43 of 3rd period - Shot by Anders Lee.
11:43 of 3rd period - Stopped by Cam Talbot with a rebound.
12:00 of 3rd period - Minor Penalty to Mark Streit for Hooking.
12:01 of 3rd period - Evgeny Kuznetsov wins face-off versus Ryan Kesler in NEW JERSEY zone.
12:44 of 3rd period - Shot by Mike Green.
12:44 of 3rd period - Shot Blocked by Dougie Hamilton.
13:09 of 3rd period - Icing by Jacob Josefson.
13:10 of 3rd period - Ryan Kesler wins face-off versus Jacob Josefson in ANAHEIM zone.
13:51 of 3rd period - Shot by Mike Green.
13:51 of 3rd period - Shot Blocked by Ryan Kesler.
13:53 of 3rd period - Shot by Mike Green.
13:53 of 3rd period - Stopped by Matt Murray without a rebound.
13:54 of 3rd period - Ryan Nugent-Hopkins wins face-off versus Connor McDavid in NEW JERSEY zone.
15:00 of 3rd period - David Perron is hit by Dougie Hamilton and loses puck.
15:11 of 3rd period - Shot by Jason Zucker.
15:11 of 3rd period - Shot Misses the Net.
15:16 of 3rd period - Minor Penalty to Patric Hornqvist for Hooking.
15:17 of 3rd period - Connor McDavid wins face-off versus Ryan Kesler in NEW JERSEY zone.
16:15 of 3rd period - Shot by Thomas Vanek.
16:15 of 3rd period - Shot Misses the Net.
16:23 of 3rd period - Shot by Ben Lovejoy.
16:23 of 3rd period - Goal by Ben Lovejoy - NEW JERSEY : 2 - ANAHEIM : 3.
16:24 of 3rd period - Nail Yakupov wins face-off versus Jake Guentzel in neutral zone.
16:29 of 3rd period - Shot by Michael Frolik.
16:29 of 3rd period - Stopped by Matt Murray without a rebound.
16:30 of 3rd period - Nail Yakupov wins face-off versus Ryan Nugent-Hopkins in NEW JERSEY zone.
16:30 of 3rd period - Lee Stempniak is hit by Dmitry Orlov and loses puck.
16:37 of 3rd period - Shot by Kris Russell.
16:37 of 3rd period - Deflect By Lee Stempniak.
16:37 of 3rd period - Stopped by Matt Murray without a rebound.
16:38 of 3rd period - Thomas Vanek wins face-off versus Ryan Nugent-Hopkins in NEW JERSEY zone.
16:45 of 3rd period - Shot by Connor McDavid.
16:45 of 3rd period - Shot Blocked by Jake Muzzin.
16:47 of 3rd period - Shot by Kris Russell.
16:47 of 3rd period - Shot Blocked by Dmitry Orlov.
16:49 of 3rd period - Shot by Kris Russell.
16:49 of 3rd period - Shot Misses the Net.
17:01 of 3rd period - Shot by Thomas Vanek.
17:01 of 3rd period - Stopped by Matt Murray without a rebound.
17:02 of 3rd period - Jake Guentzel wins face-off versus Evgeny Kuznetsov in NEW JERSEY zone.
17:21 of 3rd period - Karl Alzner is hit by Jake Guentzel and loses puck.
17:27 of 3rd period - Off-side.
17:28 of 3rd period - Conor Sheary wins face-off versus Ryan Kesler in neutral zone.
18:30 of 3rd period - Shot by Ryan Nugent-Hopkins.
18:30 of 3rd period - Deflect By Anders Lee.
18:30 of 3rd period - Shot Blocked by Mike Green.
18:32 of 3rd period - Shot by Dougie Hamilton.
18:32 of 3rd period - Shot Misses the Net.
18:34 of 3rd period - Shot by Ryan Nugent-Hopkins.
18:34 of 3rd period - Stopped by Cam Talbot without a rebound.
18:35 of 3rd period - Evgeny Kuznetsov wins face-off versus Jake Guentzel in ANAHEIM zone.
18:35 of 3rd period - Evgeny Kuznetsov is hit by Evander Kane.
18:59 of 3rd period - Shot by Evander Kane.
18:59 of 3rd period - Shot Misses the Net.
19:19 of 3rd period - Shot by David Perron.
19:19 of 3rd period - Shot Misses the Net.
19:46 of 3rd period - NEW JERSEY, Matt Murray is pulled from the net.
Goals for this period are 0 for NEW JERSEY vs 1 for ANAHEIM.
Shots for this period are 9 for NEW JERSEY vs 8 for ANAHEIM.